 Dungeon Crawl Stone Soup version 0.30-a0-1-g69b7b797bf (webtiles) character file.

Game seed: 13310156005310193825

12 BritishOli the Trooper (level 2, 24/24 HPs)
             Began as a Demonspawn Fighter on Aug 19, 2022.
             Got out of the dungeon alive.
             The game lasted 00:00:17 (297 turns).

BritishOli the Trooper (Demonspawn Fighter)          Turns: 297, Time: 00:00:17

Health: 24/24      AC:  6    Str: 16    XL:     2   Next: 20%
Magic:  2/2        EV:  8    Int:  9    God:
Gold:   0          SH:  4    Dex: 12    Spells: 1/1 levels left

rFire   . . .      SeeInvis .    a - +0 long sword
rCold   . . .      Faith    .    c - +0 buckler
rNeg    . . .      Spirit   .    b - +0 scale mail
rPois   .          Reflect  .    (no helmet)
rElec   .          Harm     .    (no cloak)
rCorr   .          Rampage  .    (no gloves)
Will    .....                    (no boots)
Stlth   ..........               (no amulet)
HPRegen 0.08/turn                (no ring)
MPRegen 0.08/turn                (no ring)

@: no status effects
A: demonic magic 1
a: no special abilities


You escaped.
You visited 1 branch of the dungeon, and saw 1 of its levels.

Inventory:

Hand Weapons
 a - a +0 long sword (weapon)
Armour
 b - a +0 scale mail (worn)
 c - a +0 buckler (worn)
Scrolls
 f - a scroll of vulnerability {unknown}
 g - a scroll of enchant armour {unknown}
Potions
 d - a potion of might
 e - 3 potions of curing {unknown}


   Skills:
 + Level 3.2 Fighting
 + Level 2.0 Long Blades
 + Level 2.8 Armour
 + Level 2.8 Shields


You had one spell level left.
You didn't know any spells.
Your spell library was empty.

Dungeon Overview and Level Annotations

Branches:
Dungeon (1/15)

Altars:


Innate Abilities, Weirdness & Mutations

Spells you cast may paralyse adjacent enemies.


Message History

There are monsters nearby!
The goblin hits you but does no damage.
You barely miss the goblin. You block the goblin's attack.
You hit the goblin.
You kill the goblin!
A ball python comes into view.
You have reached level 2!
Your demonic ancestry asserts itself...
A menacing aura infuses your magic.
A bat comes into view.
The ball python hisses angrily.
The quokka twitches its whiskers.
The quokka closely misses you.
You see here a +0 plate armour.
You hit the quokka.
You kill the quokka!
The bat completely misses you.
You completely miss the bat. The bat hits you but does no damage.
The ball python bites you but does no damage.
The ball python grabs you. The ball python constricts you.
You closely miss the ball python. The bat completely misses you.
The bat barely misses you. The ball python barely misses you.
The ball python constricts you.
The ball python bites you but does no damage.
The ball python constricts you.
You hit the ball python.
You kill the ball python!
The bat misses you.
You hit the bat.
You kill the bat!
No target in view!
There is an open door here.
There is a dry fountain here.
There is a staircase leading out of the dungeon here.
You see here 8 stones.
You can't go up here!
You see here 8 stones.
There is a staircase leading out of the dungeon here.
Are you sure you want to leave the Dungeon?
This will make you lose the game!
You have escaped!

#.....####..########### ##.##
#####.....................# ..$..
.........###############..# #.##
#######'##.............##'##
###..........⌠..........###
##...⌠.................⌠...##
##........⌠.........⌠........##
#.............................#
#...⌠........(.@..........⌠...##
#.............................#.
###........⌠.........⌠........##.
..##...⌠.................⌠...##..
#.####..........⌠..........###...
#....#####.............#####...##
#.##.....###############.....####
#.######.................##### #
..# ################### #


There were no monsters in sight!

Vanquished Creatures
  2 bats (D:1)
  3 endoplasms (D:1)
  A quokka (D:1)
  2 ball pythons (D:1)
  2 goblins (D:1)
  A rat (D:1)
11 creatures vanquished.

Notes
Turn   | Place    | Note
-------+----------+-------------------------------------------
     0 | D:1      | BritishOli the Demonspawn Fighter began the quest for the
                  | Orb.
     0 | D:1      | Reached XP level 1. HP: 18/18 MP: 1/1
   181 | D:1      | Gained mutation: Spells you cast may paralyse adjacent
                  | enemies. [demonic ancestry]
   181 | D:1      | Reached XP level 2. HP: 24/24 MP: 2/2
   297 | D:$      | Got out of the dungeon alive.

Illustrated notes

Levels and vault maps discovered:
D:1:      dpeg_arrival_water_temple_mockup, layout_basic,
          chequers_ecumenical_altar_lobes, palyth_stone_intersect

Skill      XL: |  1 |
---------------+----+-----
Long Blades    | 2 |  2.0
Fighting       | |  3.2
Armour         | |  2.8
Shields        | |  2.8

Action                   || total
-------------------------++-------
Melee: Long sword        ||    16
Armor: Scale mail        ||     4
Dodge: Dodged            ||     8
Block: Buckler           ||     3

Table legend: (Time is in decaauts)
 A = Elapsed time spent in this place.
 B = Non-inter-level travel time spent in this place.
 C = Inter-level travel time spent in this place.
 D = Time resting spent in this place.
 E = Time spent auto-exploring this place.
 F = Levels seen in this place.
 G = Mean time per level.
                   A        B        C        D        E       F      G
               +--------+--------+--------+--------+--------+-----+--------+
         Total |    302 |    198 |    104 |      0 |    148 |   1 |  302.0 |
       Dungeon |    302 |    198 |    104 |      0 |    148 |   1 |  302.0 |
               +--------+--------+--------+--------+--------+-----+--------+

Top non-repeatable levels by time:
     D:1: 302 daAuts
